 Dungeon Crawl Stone Soup version bcrawl-1.21.3 (webtiles) character file.

Game seed: 5972644605705246420

206 Flugslaktarn the Chopper (level 5, -7/31 HPs)
             Began as a Skeleton Archaeologist on Mar 30, 2020.
             Was a Follower of Cheibriados.
             Mangled by an ogre
             ... wielding a +0 giant club
              (10 damage)
             ... on level 4 of the Dungeon.
             The game lasted 00:01:47 (3696 turns).

Flugslaktarn the Chopper (Skeleton Archaeologist)   Turns: 3696, Time: 00:01:48

Health: -7/31      AC: 11    Str: 20 (21) XL:     5   Next: 53%
Magic:  0/5        EV:  7    Int: 16      God:    Cheibriados [*.....]
Gold:   183        SH:  8    Dex: 10      Spells: 4/4 levels left

rFire    . . .     SeeInvis .   g - +0 hand axe
rCold    + . .     Gourm    .   j - +0 medium shield
rNeg     + + +     Faith    .   p - +0 chain mail
rPois    ∞         Spirit   +   c - +1 hat
rElec    .         Reflect  .   (no cloak)
rCorr    .         Harm     .   (no gloves)
MR       .....                  d - +1 pair of boots
Stlth    ..........             (no amulet)
HPRegen  0.10/turn              (no ring)
MPRegen  0.09/turn              (no ring)

@: very slow
A: no food or potions, cold resistance 1, deterioration 1, negative energy
resistance 3, torment resistance, unbreathing, magic shield, sturdy frame 1,
spell healing
a: Bend Time, Renounce Religion


You were on level 4 of the Dungeon.
You worshipped Cheibriados.
Cheibriados was aware of your devotion.
You were not hungry.

You visited 1 branch of the dungeon, and saw 4 of its levels.

You collected 183 gold pieces.

Inventory:

Hand Weapons
 a - a +0 whip
 g - a +0 hand axe (weapon)
   (You found it on level 1 of the Dungeon)
Armour
 c - a +1 hat (worn)
 d - a +1 pair of boots (worn)
 j - a +0 medium shield (worn)
   (You found it on level 1 of the Dungeon)
 m - a +0 large shield
   (You found it on level 2 of the Dungeon)
 p - a +0 chain mail (worn)
   (You found it on level 4 of the Dungeon)
Scrolls
 b - 4 scrolls of identify {unknown}
 e - 2 scrolls of magic mapping
 f - a scroll of acquirement
 i - 2 scrolls of fog {unknown}
 k - 2 scrolls of amnesia {unknown}
 l - 2 scrolls of remove curse {unknown}
 n - 2 scrolls of enchant armour {unknown}
 o - a scroll of enchant weapon {unknown}


   Skills:
 + Level 2.5 Fighting
 * Level 3.8(4.0) Axes
 - Level 1.2(2.7) Maces & Flails
 + Level 2.1 Armour
 - Level 3.0 Dodging
 - Level 3.6 Stealth
 + Level 2.0 Shields
 + Level 1.2 Invocations


You had 4 spell levels left.
You didn't know any spells.
Your spell library was empty.

Dungeon Overview and Level Annotations

Branches:
Dungeon (4/12)
 Temple: D:4-7

Altars:
Ashenzari
Cheibriados
Fedhas
Makhleb
Trog
Uskayaw


Innate Abilities, Weirdness & Mutations

You do not eat or drink.
You are immune to poison.
Your flesh is cold resistant. (rC+)
Your body sometimes deteriorates upon taking damage.
You are immune to negative energy. (rN+++)
You are immune to unholy pain and torment.
You can survive without breathing.
When hurt, damage is shared between your health and your magic reserves.
Your movements are slightly less encumbered by armour. (ER -2)
Casting spells heals you.


Message History

The ogre closely misses you.
You hit the ogre but do no damage.
The ogre is moderately wounded.
The ogre hits you with a +0 giant club!
* * * LOW HITPOINT WARNING * * *
You are too injured to fight recklessly!
You are too injured to fight recklessly!
You are too injured to fight recklessly!
You are too injured to fight recklessly!
You are too injured to fight recklessly!
You are too injured to fight recklessly!
You are too injured to fight recklessly!
You are too injured to fight recklessly!
You are too injured to fight recklessly!
You are too injured to fight recklessly!
You are too injured to fight recklessly!
You are too injured to fight recklessly!
You are too injured to fight recklessly!
The ogre hits you with a +0 giant club!
You die...

. #. #. .. .##.##.
..[.... #....## #...##
#..###..# #O.......
#@####.#. #.### ..#
#...# ..# .#####.#.###
#.# ............# #..
..8.......8.## #.#
#........(...###.#
#(8.......8...##.#####..
#....%)!....#...........


You could see an ogre.

Vanquished Creatures
  2 hounds
  A bullfrog skeleton (D:4)
  An orc wizard (D:3)
  A hound skeleton (D:3)
  An adder (D:2)
  An ooze (D:1)
  A worm (D:2)
  3 dart slugs
  5 leopard geckos
  5 orcs
  6 bats
  2 giant cockroaches (D:2)
  4 goblins
  2 hobgoblins (D:2)
  2 jackals (D:2)
  5 kobolds
  3 quokkas
  A ball python (D:1)
  3 frilled lizards
  A jackal skeleton (D:4)
  6 rats
56 creatures vanquished.

Notes
Turn   | Place    | Note
-------+----------+-------------------------------------------
     0 | D:1      | Flugslaktarn the Skeleton Archaeologist began the quest for
                  | the Orb.
     0 | D:1      | Reached XP level 1. HP: 12/12 MP: 1/1
   156 | D:1      | Reached skill level 1 in Axes
   381 | D:1      | Reached XP level 2. HP: 16/16 MP: 2/2
   687 | D:1      | Reached skill level 1 in Armour
   910 | D:1      | Reached XP level 3. HP: 18/21 MP: 1/3
  1446 | D:2      | Found a snail-covered altar of Cheibriados.
  1464 | D:2      | Became a worshipper of Cheibriados the Contemplative
  2092 | D:2      | Reached skill level 1 in Shields
  2092 | D:2      | Reached XP level 4. HP: 17/26 MP: 1/4
  2219 | D:2      | Found a shattered altar of Ashenzari.
  2411 | D:2      | Reached * piety under Cheibriados
  2690 | D:3      | Found a blossoming altar of Fedhas.
  2865 | D:3      | Found a shattered altar of Ashenzari.
  2874 | D:3      | Reached skill level 1 in Invocations
  2874 | D:3      | Reached XP level 5. HP: 29/31 MP: 5/5
  2874 | D:3      | Identified a scroll of acquirement
  3406 | D:3      | Found a burning altar of Makhleb.
  3409 | D:3      | Found a bloodstained altar of Trog.
  3674 | D:4      | Found a hide-covered altar of Uskayaw.
  3689 | D:4      | Noticed an ogre
  3696 | D:4      | Mangled by an ogre

Skill      XL: |  1  2  3  4  5 |
---------------+----------------+-----
Axes           | 1 2 3 |  3.8
Armour         | 1 2 |  2.1
Fighting       | 2 |  2.5
Shields        | 1 2 |  2.0
Invocations    | 1 |  1.2
Maces & Flails | |  1.2
Dodging        | |  3.0
Stealth        | |  3.6

Action                   |  1- 3 |  4- 6 || total
-------------------------+-------+-------++-------
Melee: Whip              |    64 |       ||    64
       Hand axe          |    82 |    96 ||   178
 Stab: Sleeping          |     1 |     1 ||     2
Armor: Robe              |     4 |       ||     4
       Scale mail        |    67 |    49 ||   116
       Chain mail        |       |     1 ||     1
Dodge: Dodged            |   108 |    43 ||   151
Block: Medium shield     |    21 |    34 ||    55
